 Dungeon Crawl Stone Soup version 0.18.1-48-g4cf74bf (webtiles) character file.

3903 Inkary the Martial Artist (level 10, -9/91 HPs)
             Began as a Hill Orc Monk on Sept 10, 2016.
             Was an Elder of Qazlal.
             Killed from afar by Joseph (25 damage)
             ... with a wand of acid
             ... on level 8 of the Dungeon on Sept 11, 2016.
             The game lasted 00:23:12 (8901 turns).

Inkary the Martial Artist (Hill Orc Monk)           Turns: 8901, Time: 00:23:13

Health: -9/91      AC: -1    Str: 15    XL:     10   Next: 20%
Magic:  0/15       EV: 14    Int: 10    God:    Qazlal [****..]
Gold:   202        SH:  5    Dex: 14    Spells: 0 memorised, 9 levels left

rFire  + . .     SeeInvis .       - Unarmed
rCold  . . .     Gourm    .     p - +0 ring mail (curse)
rNeg   . . .     Faith    .     (no shield)
rPois  .         Spirit   +     (no helmet)
rElec  .         Dismiss  .     I - +2 cloak
rCorr  .         Reflect  .     (no gloves)
SustAt .         Harm     .     (no boots)
MR     .....                    E - amulet of guardian spirit
Stlth  +.........               C - ring of fire
                                t - +3 ring of evasion

@: corroded, repel missiles, drained, not resistant to hostile enchantments,
very unstealthy
A: hooves 1, molten scales 1, clumsy 1, cold resistance 1, evolution 1
a: Upheaval, Elemental Force, Renounce Religion


You were on level 8 of the Dungeon.
You worshipped Qazlal.
Qazlal was greatly pleased with you.
You were very hungry.

You visited 2 branches of the dungeon, and saw 9 of its levels.
You also visited: Sewer and Bailey.

You collected 618 gold pieces.
You spent 416 gold pieces at shops.

Inventory:

Missiles
 B - 2 throwing nets (quivered)
Armour
 a - a +0 cloak of invisibility
 h - a +0 chain mail of poison resistance
 p - a cursed +0 ring mail (worn)
 I - a +2 cloak (worn)
Jewellery
 t - a +3 ring of evasion (left hand)
 v - an uncursed ring of positive energy
 C - a ring of fire (right hand)
 E - an amulet of guardian spirit (around neck)
Wands
 s - a wand of enslavement (9/24)
 y - a wand of iceblast (8/15)
 z - a wand of hasting (5/9)
 A - a wand of lightning (3/15)
Scrolls
 d - 2 scrolls of remove curse
 e - a scroll of blinking
 l - 8 scrolls of teleportation
 m - 2 scrolls of fog
 r - 2 scrolls of magic mapping
 H - a scroll of identify
Potions
 g - 8 potions of magic
 i - 2 potions of flight
 j - 4 potions of resistance {unknown}
 k - 2 potions of agility
 q - 4 potions of curing
 u - a potion of berserk rage
 w - a potion of haste
 x - a potion of experience
 J - 2 potions of beneficial mutation {unknown}
Books
 F - a book of Envenomations

   Spells                             Type                      Level
   a - Spider Form                    Transmutation/Poison         3
   b - Olgreb's Toxic Radiance        Poison                       4
   c - Alistair's Intoxication        Transmutation/Poison         5
   d - Poisonous Cloud                Conjuration/Poison/Air       6
Comestibles
 b - 3 bread rations
 c - a beef jerky
 G - 2 meat rations


   Skills:
 + Level 9.5(9.3) Fighting
 * Level 6.1(5.9) Armour
 - Level 2.4(2.2) Dodging
 - Level 1.5(1.3) Stealth
 + Level 11.3(11.0) Unarmed Combat
 + Level 6.7(6.4) Invocations


You had 9 spell levels left.
You didn't know any spells.

Dungeon Overview and Level Annotations

Branches:
Dungeon (8/15)             Temple (1/1) D:5
   Lair: D:8-11

Altars:
Cheibriados
Dithmenos
Elyvilon
Fedhas
Gozag
Kikubaaqudgha
Makhleb
Okawaru
Pakellas
Qazlal
Ru
Sif Muna
Trog
Vehumet
Xom
Yredelemnul
Zin
The Shining One

Shops:
D:4 !   D:6 (?

Annotations:
D:8 Joseph


Innate Abilities, Weirdness & Mutations

You have large cloven feet.
You are partially covered in molten scales (AC +1).
You are clumsy. (Dex -2)
Your flesh is cold resistant.
You evolve.


Message History

* * * LOW HITPOINT WARNING * * *
Drink which item? (? for menu, Esc to quit)
You feel much better.
Joseph shoots a sling bullet.
The sling bullet hits you.
* * * LOW HITPOINT WARNING * * *
Drink which item? (? for menu, Esc to quit)
Your magical effects are unravelling.
Your magical contamination has completely faded away.
You feel magically purged.
Joseph shoots a sling bullet.
The sling bullet hits you!
* * * LOW HITPOINT WARNING * * *
Drink which item? (? for menu, Esc to quit)
You feel much better.
You feel less woody.
Your +2 cloak unmelds from your body.
Your cursed +0 ring mail unmelds from your body.
Joseph shoots a sling bullet.
The sling bullet hits you!
* * * LOW HITPOINT WARNING * * *
Joseph smiles happily.
Joseph zaps a wand.
The bolt of acid hits you!
You die...

*,* #.# *,* #[#
*,* #.# *,*
#.####### *,*
#.......# *,*
#######.# *,* #@#
*,* #.# *,* #@#
*,* #(# *,* #.#
*****,*****#####.#
*,,,,,,,,,*#.....#
#.≈≈≈≈≈≈≈,*#.#####
#.≈#####≈,##.#
..≈#...#≈.##.#
#.≈#.∩.#≈.##.#


You could see Joseph.

Vanquished Creatures
  Psyche (D:8)
  Prince Ribbit (D:5)
  Sigmund (D:6)
  A hungry ghost (D:7)
  A hippogriff (D:7)
  Menkaure (D:6)
  Duvessa (D:5)
  A water moccasin (D:5)
  2 orc warriors
  An ice beast (D:7)
  3 ogres
  2 centaurs
  2 big kobolds (Sewer)
  Blork the orc (D:5)
  A giant frog (D:8)
  A water moccasin zombie (D:7)
  A wyvern zombie (D:8)
  Dowan (D:5)
  3 scorpions
  2 wights (D:8)
  7 crimson imps
  A hound (D:4)
  A quasit (D:5)
  2 orc priests
  A jelly (D:5)
  A giant frog skeleton (D:5)
  8 orc wizards
  Terence (D:2)
  An iguana (D:7)
  4 worker ants
  2 hound skeletons (D:6)
  A howler monkey zombie (D:6)
  2 worker ant zombies (D:5)
  16 gnolls
  12 adders
  A shadow imp (D:5)
  4 oozes
  An adder skeleton (D:7)
  5 worms
  A dart slug (D:1)
  3 giant geckos
  15 orcs
  A ball python (D:2)
  4 giant cockroaches
  15 goblins
  17 hobgoblins
  3 jackals (D:5)
  4 quokkas
  8 bats
  A giant cockroach zombie (D:5)
  A giant gecko skeleton (D:6)
  3 giant newts
  22 kobolds
  A quokka skeleton (D:4)
  5 rats
  A fungus (D:2)
204 creatures vanquished.

Vanquished Creatures (others)
  An orc (D:8)
1 creature vanquished.

Grand Total: 205 creatures vanquished

Notes
Turn   | Place    | Note
--------------------------------------------------------------
     0 | D:1      | Inkary the Hill Orc Monk began the quest for the Orb.
     0 | D:1      | Reached XP level 1. HP: 19/19 MP: 1/1
   274 | D:1      | Reached XP level 2. HP: 16/27 MP: 2/2
   783 | D:2      | Reached skill level 5 in Unarmed Combat
   783 | D:2      | Reached XP level 3. HP: 20/33 MP: 3/3
  1042 | D:2      | Found a glowing golden altar of the Shining One.
  1519 | D:2      | Found a shimmering altar of Xom.
  1631 | D:2      | Noticed Terence
  1633 | D:2      | Reached XP level 4. HP: 41/41 MP: 4/4
  1673 | D:2      | Killed Terence
  2564 | D:2      | Reached skill level 5 in Fighting
  2616 | D:3      | Reached XP level 5. HP: 36/48 MP: 5/5
  2661 | D:3      | Found a radiant altar of Vehumet.
  2662 | D:3      | Found a basalt altar of Yredelemnul.
  2741 | D:3      | Reached skill level 6 in Unarmed Combat
  2786 | D:3      | Found a glowing drain.
  2806 | Sewer    | Entered a sewer
  2836 | Sewer    | Noticed a big kobold
  2865 | Sewer    | Killed a big kobold
  3007 | Sewer    | Reached XP level 6. HP: 53/56 MP: 6/6
  3072 | Sewer    | Reached skill level 7 in Unarmed Combat
  3232 | D:3      | Found an oddly glowing altar of Pakellas.
  3301 | D:3      | Found an opulent altar of Gozag.
  3444 | D:3      | Found a snail-covered altar of Cheibriados.
  3461 | D:3      | Found an ancient bone altar of Kikubaaqudgha.
  4022 | D:4      | Reached XP level 7. HP: 43/63 MP: 7/7
  4221 | D:4      | Found Dizumeno's Distillery.
  4226 | D:4      | Bought a potion of heal wounds for 65 gold pieces
  4226 | D:4      | Bought a potion of lignification for 39 gold pieces
  4226 | D:4      | Bought 2 potions of mutation for 65 gold pieces
  4226 | D:4      | Bought a potion of heal wounds for 65 gold pieces
  4226 | D:4      | Gained mutation: You are clumsy. (Dex -2) [potion of mutation]
  4226 | D:4      | Gained mutation: You are partially covered in molten scales (AC +1). [potion of mutation]
  4226 | D:4      | Gained mutation: You are robust (+10% HP). [potion of mutation]
  4227 | D:4      | Lost mutation: You are robust (+10% HP). [potion of mutation]
  4227 | D:4      | Gained mutation: Your flesh is cold resistant. [potion of mutation]
  4227 | D:4      | Gained mutation: You have large cloven feet. [potion of mutation]
  4228 | D:4      | Gained mutation: Your spells are a little easier to cast, but a little less powerful. [potion of mutation]
  4228 | D:4      | Gained mutation: You evolve. [potion of mutation]
  4228 | D:4      | Gained mutation: Your magical capacity is low (-10% MP). [potion of mutation]
  4241 | D:4      | Lost mutation: Your spells are a little easier to cast, but a little less powerful. [evolution]
  4539 | D:5      | Entered Level 5 of the Dungeon
  4568 | D:5      | Reached skill level 8 in Unarmed Combat
  4646 | D:5      | Noticed Dowan
  4647 | D:5      | Noticed Duvessa
  4657 | D:5      | Noticed Blork the orc
  4888 | D:5      | Found a sacrificial altar of Ru.
  4965 | D:5      | Found a staircase to the Ecumenical Temple.
  5009 | D:5      | Reached skill level 9 in Unarmed Combat
  5009 | D:5      | Reached XP level 8. HP: 39/73 MP: 7/7
  5019 | Temple   | Entered the Ecumenical Temple
  5050 | Temple   | Became a worshipper of Qazlal Stormbringer
  5050 | Temple   | Reached * piety under Qazlal
  5050 | Temple   | Reached ** piety under Qazlal
  5169 | D:5      | Killed Duvessa
  5169 | D:5      | Reached skill level 1 in Invocations
  5183 | D:5      | Killed Dowan
  5223 | D:5      | Noticed Prince Ribbit
  5615 | D:5      | Killed Prince Ribbit
  5615 | D:5      | Reached skill level 10 in Unarmed Combat
  5668 | D:5      | Killed Blork the orc
  6120 | D:5      | Reached XP level 9. HP: 56/81 MP: 10/10
  6136 | D:5      | Reached skill level 1 in Armour
  6576 | D:6      | Noticed Menkaure
  6585 | D:6      | Killed Menkaure
  6589 | D:6      | Found a white marble altar of Elyvilon.
  6600 | D:6      | Noticed Sigmund
  6612 | D:6      | Killed Sigmund
  6642 | D:6      | Reached skill level 5 in Invocations
  6918 | D:6      | Found Uthykegh's Magic Scroll Emporium.
  6926 | D:6      | Bought a scroll of identify for 26 gold pieces
  6926 | D:6      | Bought a scroll of identify for 26 gold pieces
  6926 | D:6      | Bought a scroll of identify for 26 gold pieces
  6926 | D:6      | Bought a scroll of remove curse for 39 gold pieces
  6926 | D:6      | Bought a scroll of teleportation for 39 gold pieces
  6930 | D:6      | Bought a scroll of identify for 26 gold pieces
  6989 | D:6      | Found Yfant's Antique Weapon Emporium.
  7228 | D:7      | Found a shadowy altar of Dithmenos.
  7254 | D:7      | Found an iron altar of Okawaru.
  7451 | D:7      | Reached skill level 11 in Unarmed Combat
  7472 | D:7      | Reached *** piety under Qazlal
  7800 | D:8      | Reached skill level 5 in Armour
  7865 | D:8      | Found Xiacomiu's Magic Scroll Shoppe.
  7928 | D:8      | Found a flagged portal.
  7938 | Bailey   | Entered a bailey
  7995 | Bailey   | Reached XP level 10. HP: 88/91 MP: 11/13
  8278 | Bailey   | Lost mutation: Your magical capacity is low (-10% MP). [evolution]
  8325 | Bailey   | Reached **** piety under Qazlal
  8767 | D:8      | Noticed Psyche
  8782 | D:8      | Killed Psyche
  8806 | D:8      | Noticed Joseph
  8901 | D:8      | Killed from afar by Joseph

Skill      XL: |  1  2  3  4  5  6  7  8  9 10 |
---------------+-------------------------------+-----
Fighting       | 4 5 6 7 8 9 |  9.5
Unarmed Combat | 5 6 7 9 10 11 | 11.3
Invocations    | 4 6 |  6.7
Armour         | 5 6 |  6.1
Dodging        | |  2.4
Stealth        | |  1.5

Action                   |  1- 3 |  4- 6 |  7- 9 | 10-12 || total
-------------------------+-------+-------+-------+-------++-------
Melee: Unarmed           |   107 |   285 |   445 |   123 ||   960
       Punch             |     2 |    10 |    22 |     8 ||    42
       Kick              |       |       |   120 |    32 ||   152
Evoke: Wand              |       |       |     1 |     4 ||     5
  Use: Scroll            |       |     4 |    17 |       ||    21
       Potion            |       |     2 |     3 |     6 ||    11
 Stab: Sleeping          |     1 |     1 |       |       ||     2
  Eat: Chunk             |     2 |     7 |     9 |     2 ||    20
       Pizza             |       |     1 |     1 |       ||     2
       Beef jerky        |       |       |     1 |       ||     1
       Bread ration      |       |       |     1 |       ||     1
Armor: Robe              |    16 |       |       |       ||    16
       Ring mail         |     7 |    80 |   109 |    20 ||   216
       Skin              |       |       |       |     9 ||     9
Dodge: Dodged            |    58 |   138 |   268 |    80 ||   544
Block: Other             |       |       |    26 |    17 ||    43
